Match 46817257
Unlisted

Match 46817257
End
Construct Section Command Post
Selects Australian Defense Battlegroup
Selects Australian Light Infantry Section
Australian Light Infantry Section
ML 3-inch Mortar Team
Australian Light Infantry Section
Construct Field Infirmary
Construct Platoon Command Post
Humber Armored Car
6-pounder Anti-tank Gun Team
ML 3-inch Mortar Team
Construct Company Command Post
Australian Light Infantry Section
Infantry Section
Foot Guards Section
帕鲁与邦布
SHIRO
CannonFodder
UMirinBrah?
FLOKL
BlueSkidrow™ Legion
0
0

Comments sign in to comment!

No comments posted yet!